AoeStats
← [RAT] G0rm

Hill Fort

506463935Analyzed
4v4 RM · 19d ago on Sep 13, 2026· 38m 33s· 8 players
Game mode
Random Map
Map size
Large (8 player)
Population
200
Speed
Normal
Resources
Standard
Victory
Conquest
Starting age
Dark Age
Ending age
Imperial Age
RankedLock teamsTeams togetherTeam positionsShared explorationLock speedFull tech treeHidden civsTurbo modeCheats
Victory
Defeat
🇺🇸 Wei · United States
1648
+10
🇺🇸 Britons · United States
1630
+10
🇳🇱 Spanish · Netherlands
1554
+13
🇷🇴 Bulgarians · Romania
1547
+14
🇺🇸 Wu · United States
1560
-13
🇩🇴 Cumans · Dominican Republic
1554
-14
🇨🇿 Britons · Czechia
1442
-10
🇲🇽 Malians · Mexico
1439
-10
RD | Telematico
6:24 Loom
8:37 Feudal Age
9:47 Double-Bit Axe
20:53 Castle Age
19:14 Gold Mining
19:06 Horse Collar
19:56 Stone Mining
22:33 Wheelbarrow
22:22 Scale Barding Armor
22:28 Forging
22:49 Bow Saw
22:40 Town Watch
25:20 Fletching
26:08 Padded Archer Armor
29:46 Bloodlines
29:57 Chain Barding Armor
30:13 Iron Casting
31:48 Gold Shaft Mining
37:56 Imperial Age
36:49 Capped Ram
maniak
10:56 Feudal Age
11:32 Double-Bit Axe
13:21 Loom
17:33 Castle Age
15:29 Horse Collar
15:59 Stone Mining
18:29 Bow Saw
19:23 Treadmill Crane
21:18 Fletching
21:28 Padded Archer Armor
21:42 Gold Mining
23:30 Bodkin Arrow
24:27 Ballistics
25:36 Wheelbarrow
26:41 Leather Archer Armor
38:36 Imperial Age
36:17 Pikeman
36:57 Squires
ShiftyShnike
11:06 Feudal Age
12:10 Horse Collar
12:20 Double-Bit Axe
17:05 Castle Age
15:51 Scale Mail Armor
16:42 Forging
16:20 Arson
16:30 Gold Mining
16:48 Loom
17:51 Squires
18:36 Chain Mail Armor
21:29 Man-at-Arms
22:16 Long Swordsman
27:29 Wheelbarrow
30:17 Stone Mining
32:16 Pikeman
34:41 Hand Cart
34:11 Town Watch
38:53 Imperial Age
36:50 Scale Barding Armor
37:23 Bloodlines
37:14 Husbandry
38:11 Chain Barding Armor
38:27 Iron Casting
OzoneMX2022
11:35 Feudal Age
16:11 Castle Age
14:35 Double-Bit Axe
14:33 Horse Collar
15:08 Gold Mining
16:29 Loom
17:50 Bow Saw
17:48 Town Watch
18:27 Husbandry
20:37 Forging
21:36 Bloodlines
22:58 Scale Barding Armor
23:57 Wheelbarrow
25:40 Chain Barding Armor
28:24 Iron Casting
31:19 Gold Shaft Mining
31:36 Hand Cart
40:28 Imperial Age
[RAT] Spencer
8:26 Feudal Age
8:53 Double-Bit Axe
8:49 Horse Collar
11:16 Gold Mining
12:55 Stone Mining
14:37 Wheelbarrow
15:11 Loom
18:34 Castle Age
17:14 Scale Barding Armor
18:05 Forging
19:22 Bloodlines
19:44 Bow Saw
19:57 Chain Barding Armor
20:13 Husbandry
27:46 Fletching
30:34 Heavy Plow
33:36 Hand Cart
33:58 Stone Shaft Mining
35:18 Iron Casting
38:33 Imperial Age
37:33 Town Watch
[RAT] Havik_AoE
10:57 Feudal Age
15:07 Castle Age
13:49 Double-Bit Axe
13:53 Horse Collar
15:09 Loom
17:32 Bow Saw
26:02 Sanctity
28:06 Wheelbarrow
28:06 Fervor
28:05 Inquisition
30:30 Hand Cart
32:22 Husbandry
33:18 Redemption
35:20 Padded Archer Armor
39:05 Imperial Age
37:43 Leather Archer Armor
38:42 Bloodlines
Benedict Cucumberpatch
11:33 Feudal Age
15:36 Castle Age
13:54 Double-Bit Axe
14:30 Horse Collar
16:50 Heavy Plow
22:11 Ballistics
21:42 Fletching
22:24 Padded Archer Armor
23:57 Bodkin Arrow
29:13 Wheelbarrow
30:28 Leather Archer Armor
33:35 Imperial Age
33:05 Yeomen
34:24 Bracer
35:25 Chemistry
34:47 Conscription
33:53 Elite Longbowman
35:35 Ring Archer Armor
38:45 Coinage
38:16 Caravan
38:32 Hand Cart
38:03 Town Watch
38:03 Loom
38:09 Gold Mining
38:10 Stone Mining
39:22 Bow Saw
39:48 Gold Shaft Mining
[RAT] G0rm
11:35 Feudal Age
15:44 Castle Age
14:09 Double-Bit Axe
16:52 Forging
20:19 Scale Mail Armor
20:24 Gambesons
21:44 Chain Mail Armor
22:59 Forging
24:28 Iron Casting
24:37 Arson
32:35 Wheelbarrow
32:21 Fletching
32:54 Bow Saw
33:17 Loom
33:57 Squires
35:21 Hand Cart
36:21 Horse Collar
40:22 Imperial Age
38:27 Bodkin Arrow
38:52 Heavy Plow
Connection lost

Rejoining the realm…

Still unreachable

The connection could not be restored.

Session expired

The server has moved on; the page needs a fresh start.